 Dungeon Sprint DCSS version 0.31-a0-1-g4198be8af4 (webtiles) character file.

Game seed: 2016007012485335110

583 sircluck the Cleaver (level 7, -3/74 HPs)
             Began as a Hill Orc Berserker on May 2, 2023.
             Was an Elder of Trog.
             Shot with an arrow by a centaur warrior (18 damage)
             ... in the Dungeon (Sprint IX: "|||||||||||||||||||||||||||||").
             The game lasted 00:01:20 (338 turns).

sircluck the Cleaver (Hill Orc Berserker)            Turns: 338, Time: 00:01:21

Health: -3/74      AC: 14    Str: 25    XL:     7   Next: 37%
Magic:  7/7        EV: 10    Int:  7    God:    Trog [****..]
Gold:   0          SH:  0    Dex: 10    Spells: 6/6 levels left

rFire   . . .        j - +3 war axe (heavy)
rCold   . . .        (no shield)
rNeg    . . .        l - +1 chain mail
rPois   .            (no helmet)
rElec   .            k - +0 cloak
rCorr   .            (no gloves)
SInv    .            (no boots)
Will    .....        (no amulet) Stlth
                     m - +2 ring of protection
HPRegen 0.32/turn    n - +3 ring of strength
MPRegen 0.10/turn

%: no teleportation
@: no status effects
A: no striking features
a: Renounce Religion, Berserk, Trog's Hand, Brothers in Arms


You were in the Dungeon.
You worshipped Trog.
Trog was greatly pleased with you.
You visited 1 branch

Inventory:

Hand Weapons
 a - a +0 hand axe
 j - a +3 heavy war axe (weapon)
Armour
 b - a +0 animal skin
 k - a +0 cloak (worn)
 l - a +1 chain mail (worn)
Jewellery
 m - a +2 ring of protection (left hand)
 n - a +3 ring of strength (right hand)
Wands
 i - a wand of acid (10)
Scrolls
 h - a scroll of blinking
Potions
 c - 5 potions of curing
 d - a potion of invisibility
 e - a potion of haste
 f - 4 potions of magic
 g - 2 potions of heal wounds


   Skills:
 + Level 11.3 Fighting
 + Level 13.8 Axes
 + Level 6.0 Armour
 + Level 4.3 Dodging


You had 6 spell levels left.
You didn't know any spells.
Your spell library was empty.

Dungeon Overview and Level Annotations

Branches:
Dungeon (1/1)

Altars:
Cheibriados
Dithmenos
Elyvilon
Fedhas
Gozag
Hepliaklqana
Kikubaaqudgha
Makhleb
Nemelex Xobeh
Okawaru
Qazlal
Ru
Sif Muna
Trog
Uskayaw
Vehumet
Wu Jian
Xom
Yredelemnul
Zin
The Shining One
Beogh
Jiyva
Lugonu


Message History

Items here: ))))).
Unknown command.
You barely miss the centaur. The centaur barely misses you. x2
The centaur hits you. The centaur closely misses you.
Unknown command.
You slice the centaur!!
You kill the centaur!
Trog accepts your kill.
Your Armour skill increases to level 6!
Unknown command.
Unknown command.
You see here a +0 shortbow.
You see here a +0 cloak.
There is an open door to the Dungeon, spattered with blood here.
Things that are here:
a +0 club; 7 poisoned darts; a kobold corpse You open the door.
A slime creature, a gargoyle, a deep elf pyromancer, a basilisk, a troll and a centaur warrior come into view.
The slime creature quivers.
The basilisk hisses angrily.
The troll shouts!
The centaur warrior shouts!
The centaur warrior wields a +0 longbow.
The centaur warrior shoots an arrow.
The arrow hits you!
You close the door.
A centaur warrior opens the door.
Your ogre goes berserk!
The deep elf pyromancer gestures wildly while chanting.
The centaur warrior unwields a +0 longbow.
The centaur warrior hits you.
* * * LOW HITPOINT WARNING * * *
The centaur warrior kicks you but does no damage.
The centaur warrior wields a +0 longbow.
The centaur warrior shoots an arrow.
The arrow hits you!
* * * LOW HITPOINT WARNING * * *
You swap places.
The centaur warrior shoots an arrow.
The arrow hits your ogre!
The centaur warrior unwields a +0 longbow.
The centaur warrior hits your ogre! The centaur warrior kicks your ogre.
Your ogre closely misses the centaur warrior.
The centaur warrior wields a +0 longbow.
The centaur warrior shoots an arrow.
The arrow barely misses your ogre. The arrow hits you!!
You die...

▓e▓
▓l▓
▓E▓
▓T▓
▓c▓
▓O▓
▓.▓
▓.▓
▓@▓
▓.▓
▓.▓
▓)▓
▓.▓
▓.▓
▓.▓
▓[▓
▓.▓


You could see a centaur warrior (ally target), a troll, a basilisk, a fire
elemental (summoned) and a friendly ogre (summoned, berserk).

Vanquished Creatures
  A vampire mosquito (D)
  A centaur (D)
  A kobold brigand (D)
  A killer bee (D)
  A howler monkey (D)
  A hound (D)
  An iguana (D)
  2 adders (D)
  An orc (D)
  An endoplasm (D)
  A giant cockroach (D)
  A hobgoblin (D)
  A quokka (D)
  A rat (D)
15 creatures vanquished.

Vanquished Creatures (others)
  An unseen horror (D)
1 creature vanquished.

Grand Total: 16 creatures vanquished

Notes
Turn   | Place    | Note
-------+----------+-------------------------------------------
     0 | D        | sircluck the Hill Orc Berserker began the quest for the
                  | Orb.
     0 | D        | Reached XP level 1. HP: 19/19 MP: 1/1
     8 | D        | Reached ** piety under Trog
    14 | D        | Reached skill level 5 in Axes
    32 | D        | Noticed a hound
    32 | D        | Noticed an iguana
    36 | D        | Reached skill level 5 in Fighting
    36 | D        | Reached XP level 2. HP: 27/29 MP: 2/2
    44 | D        | HP: 1/29 [iguana (12)]
    49 | D        | Reached *** piety under Trog
    50 | D        | Reached skill level 6 in Axes
    50 | D        | Reached XP level 3. HP: 13/37 MP: 3/3
    53 | D        | Reached skill level 7 in Axes
    58 | D        | Reached skill level 8 in Axes
    58 | D        | Reached XP level 4. HP: 7/45 MP: 4/4
    67 | D        | Found a roughly hewn altar of Beogh.
    67 | D        | Found a snail-covered altar of Cheibriados.
    67 | D        | Found a shadowy altar of Dithmenos.
    67 | D        | Found a white marble altar of Elyvilon.
    67 | D        | Found a blossoming altar of Fedhas.
    67 | D        | Found an opulent altar of Gozag.
    68 | D        | Found a hazy altar of Hepliaklqana.
    69 | D        | Found a viscous altar of Jiyva.
    70 | D        | Found an ancient bone altar of Kikubaaqudgha.
    71 | D        | Found a corrupted altar of Lugonu.
    72 | D        | Found a burning altar of Makhleb.
    73 | D        | Found a sparkling altar of Nemelex Xobeh.
    74 | D        | Found an iron altar of Okawaru.
    75 | D        | Found a stormy altar of Qazlal.
    76 | D        | Found a sacrificial altar of Ru.
    77 | D        | Found a shimmering blue altar of Sif Muna.
    78 | D        | Found a bloodstained altar of Trog.
    79 | D        | Found a hide-covered altar of Uskayaw.
    80 | D        | Found a radiant altar of Vehumet.
    81 | D        | Found an ornate altar of the Wu Jian Council.
    82 | D        | Found a shimmering altar of Xom.
    83 | D        | Found a basalt altar of Yredelemnul.
    84 | D        | Found a glowing silver altar of Zin.
    85 | D        | Found a glowing golden altar of the Shining One.
   132 | D        | Noticed a centaur
   132 | D        | Noticed a vampire mosquito
   132 | D        | Noticed a kobold brigand
   133 | D        | Reached **** piety under Trog
   134 | D        | Reached skill level 9 in Axes
   134 | D        | Reached XP level 5. HP: 31/53 MP: 5/5
   136 | D        | Killed a kobold brigand
   137 | D        | Reached skill level 10 in Axes
   308 | D        | Killed a vampire mosquito
   309 | D        | Reached skill level 10 in Fighting
   309 | D        | Reached skill level 12 in Axes
   309 | D        | Reached skill level 5 in Armour
   309 | D        | Reached XP level 6. HP: 50/66 MP: 6/6
   315 | D        | Killed an unseen horror
   316 | D        | Reached skill level 13 in Axes
   316 | D        | Reached XP level 7. HP: 37/74 MP: 7/7
   333 | D        | Noticed a slime creature
   333 | D        | Noticed a gargoyle
   333 | D        | Noticed a deep elf pyromancer
   333 | D        | Noticed a basilisk
   333 | D        | Noticed a troll
   333 | D        | Noticed a centaur warrior
   336 | D        | Noticed a fire elemental
   338 | D        | Shot with an arrow by a centaur warrior

Illustrated notes

Levels and vault maps discovered:
D:        linesprint [early_d, line_temple, items_1, d_10, items_2, lair_1,
          lair_end, items_3, orc_1, orc_end, items_4, d_15, swamp_1, shoals_1,
          snake_1, spider_1, d_20, vaults_1, items_5, swamp_end, shoals_end,
          snake_end, spider_end, vaults_end, d_27, items_6, zot_1, zot_end,
          crypt_end, forest_end, elf_end, slime_end, tomb_end, abyss_end,
          pan_hell_end]

Skill      XL: |  1  2  3  4  5  6  7 |
---------------+----------------------+-----
Fighting       | 5 6 7 10 11 | 11.3
Axes           | 5 6 8 9 12 13 | 13.8
Dodging        | 2 3 4 |  4.3
Armour         | 3 5 6 |  6.0

Action                     |  1- 3 |  4- 6 |  7- 9 || total
---------------------------+-------+-------+-------++-------
  Melee: Hand axe          |    32 |     1 |       ||    33
         War axe           |       |    18 |     2 ||    20
 Invoke: Brothers in Arms  |       |       |     1 ||     1
    Use: Potion            |     2 |       |       ||     2
         Scroll            |       |     1 |       ||     1
 Armour: Animal skin       |     2 |       |       ||     2
         Chain mail        |       |    14 |     3 ||    17
  Dodge: Dodged            |    15 |    17 |     4 ||    36

Table legend: (Time is in decaauts)
 A = Elapsed time spent in this place.
 B = Non-inter-level travel time spent in this place.
 C = Inter-level travel time spent in this place.
 D = Time resting spent in this place.
 E = Time spent auto-exploring this place.
 F = Levels seen in this place.
 G = Mean time per level.
                   A        B        C        D        E       F      G
               +--------+--------+--------+--------+--------+-----+--------+
         Total |    351 |    351 |      0 |    157 |     19 |   1 |  351.0 |
       Dungeon |    351 |    351 |      0 |    157 |     19 |   1 |  351.0 |
               +--------+--------+--------+--------+--------+-----+--------+

Top non-repeatable levels by time:
       D: 351 daAuts
